 Dungeon Crawl Stone Soup version 0.20.0-15-g7f486f2 (webtiles) character file.

127 kuniqs the Shield-Bearer (level 5, 0/33 HPs)
             Began as a Gargoyle Fighter on June 9, 2017.
             Slain by a slave (2 damage)
             ... led by Pikel
             ... on level 3 of the Dungeon.
             The game lasted 00:02:46 (2288 turns).

kuniqs the Shield-Bearer (Gargoyle Fighter)         Turns: 2288, Time: 00:02:48

Health: 0/33       AC: 13    Str: 19    XL:     5   Next: 11%
Magic:  5/5        EV:  5    Int:  9    God:
Gold:   159        SH: 11    Dex: 10    Spells: 4/4 levels left

rFire    . . .     SeeInvis .   a - +0 flail
rCold    . . .     Gourm    .   n - +2 shield
rNeg     + . .     Faith    .   t - +0 chain mail
rPois    ∞         Spirit   .   (no helmet)
rElec    +         Reflect  .   (no cloak)
rCorr    .         Harm     .   (no gloves)
MR       .....                  (no boots)
Stlth    ..........             (no amulet)
Regen    0.2/turn               (no ring)
MPRegen  0.1/turn               (no ring)

@: no status effects
A: negative energy resistance 1, electricity resistance, unbreathing,
petrification resistance, rot immunity, AC +4
a: no special abilities


You were on level 3 of the Dungeon.
You were not hungry.

You visited 1 branch of the dungeon, and saw 4 of its levels.

You collected 159 gold pieces.

Inventory:

Hand Weapons
 a - a +0 flail (weapon)
Armour
 n - a +2 shield (worn)
 t - a +0 chain mail (worn)
Wands
 u - a wand of flame (17/48)
Scrolls
 b - a scroll of random uselessness {unknown}
 h - a scroll of immolation {unknown}
 j - 3 scrolls of identify {unknown}
 k - a scroll of remove curse {unknown}
 o - a scroll of enchant armour {unknown}
 r - a scroll of blinking {unknown}
 v - a scroll of recharging {unknown}
Potions
 i - a potion of berserk rage {unknown}
 l - a potion of agility {unknown}
 m - 2 potions of might
 p - 2 potions of cancellation {unknown}
 q - a potion of heal wounds {unknown}
 s - a potion of flight {unknown}
 w - 2 potions of haste {unknown}
Comestibles
 c - a chunk of flesh
 d - 3 bread rations
 e - 3 meat rations
 f - a fruit
 g - 3 royal jellies


   Skills:
 + Level 4.0 Fighting
 + Level 3.1 Maces & Flails
 + Level 3.8 Armour
 + Level 1.1 Dodging
 + Level 4.1 Shields


You had 4 spell levels left.
You didn't know any spells.

Dungeon Overview and Level Annotations

Branches:
Dungeon (4/15)
 Temple: D:4-7

Altars:

Annotations:
D:3 Pikel
D:4 Freeplumber's ghost, amateur DECK


Innate Abilities, Weirdness & Mutations

You are resistant to torment.
Your stone body is resilient. (AC +4)
You are immune to poison.
You resist negative energy. (rN+)
You are resistant to electric shocks. (rElec)
You can survive without breathing.
You are immune to petrification.
You are immune to rotting.


Message History

You block Pikel's attack. The slave hits you but does no damage.
The worker ant waves its antennae.
The slave hits you but does no damage. The slave hits you.
* * * LOW HITPOINT WARNING * * *
You block Pikel's attack.
You closely miss Pikel.
Pikel is heavily wounded.
You block the slave's attack. The slave hits you but does no damage.
You block the slave's attack. You block Pikel's attack.
The slave hits you but does no damage.
You hit Pikel but do no damage.
Pikel is heavily wounded.
The slave hits you but does no damage. You block the slave's attack.
Pikel barely misses you. You block the slave's attack. The slave hits you.
* * * LOW HITPOINT WARNING * * *
You block the slave's attack.
You thump Pikel!
Pikel is severely wounded.
Pikel hits you but does no damage. The slave hits you.
You die...

#........# #......#.#####.
#........# #......#.##....
#........###......#.##.##.
#######.###.......#.##.##.
#.###..............[
#.##.........###.#.#
#.##..##.........#.#
#.##p.###.#..##..#.#
#.K@p............#.#
####p#.##.##.......#
#a....>...##.####
############.#### ######
#............ .....##
#.#######.### ###...######
#.# #.### #.#......# #.#
#.##. #<..####.# ##.##
#.##.


You could see Pikel, 3 slaves and a worker ant.

Vanquished Creatures
  6 adders
  A worm (D:2)
  A dart slug (D:2)
  2 orcs (D:3)
  5 giant cockroaches
  9 goblins
  9 hobgoblins
  10 kobolds
  3 quokkas
  3 bats
  5 frilled lizards
  11 rats
65 creatures vanquished.

Notes
Turn   | Place    | Note
-------+----------+-------------------------------------------
     0 | D:1      | kuniqs the Gargoyle Fighter began the quest for the Orb.
     0 | D:1      | Reached XP level 1. HP: 14/14 MP: 1/1
   196 | D:1      | Reached XP level 2. HP: 19/19 MP: 2/2
   678 | D:1      | Reached XP level 3. HP: 22/23 MP: 3/3
  1360 | D:2      | Reached XP level 4. HP: 29/29 MP: 4/4
  2194 | D:3      | Reached skill level 1 in Dodging
  2194 | D:3      | Reached XP level 5. HP: 29/33 MP: 5/5
  2248 | D:4      | Noticed Freeplumber's ghost (amateur DECK)
  2268 | D:4      | Noticed Pikel
  2268 | D:4      | Noticed a slave
  2268 | D:4      | Noticed a slave
  2268 | D:4      | Noticed a slave
  2268 | D:4      | Noticed a slave
  2288 | D:3      | Slain by a slave

Skill      XL: |  1  2  3  4  5 |
---------------+----------------+-----
Shields        | 4 |  4.1
Maces & Flails | 3 |  3.1
Dodging        | 1 |  1.1
Fighting       | 4 |  4.0
Armour         | |  3.8

Action                   |  1- 3 |  4- 6 || total
-------------------------+-------+-------++-------
Melee: Flail             |   145 |   123 ||   268
  Eat: Chunk             |     1 |     4 ||     5
Armor: Scale mail        |    55 |    17 ||    72
       Chain mail        |       |    90 ||    90
Dodge: Dodged            |    37 |    38 ||    75
Block: Shield            |    74 |   107 ||   181
